 Dungeon Crawl Stone Soup version 0.21-a0-480-g5da0f0d (webtiles) character file.

185 kraze the Shield-Bearer (level 5, -2/47 HPs)
             Began as a Minotaur Fighter on Nov 23, 2017.
             Slain by Sigmund
             ... wielding a +0 scythe
              (10 damage)
             ... on level 3 of the Dungeon.
             The game lasted 00:23:05 (3135 turns).

kraze the Shield-Bearer (Minotaur Fighter)          Turns: 3135, Time: 00:23:06

Health: -2/47      AC:  7    Str: 22    XL:     5   Next: 37%
Magic:  4/4        EV:  8    Int:  5    God:
Gold:   89         SH: 10    Dex:  9    Spells: 4/4 levels left

rFire    . . .     SeeInvis .   z - -3 trident (curse)
rCold    . . .     Gourm    .   c - +0 shield
rNeg     . . .     Faith    .   b - +0 scale mail
rPois    .         Spirit   .   (helmet restricted)
rElec    .         Reflect  .   (no cloak)
rCorr    .         Harm     .   (no gloves)
MR       .....                  (no boots)
Stlth    ..........             (no amulet)
HPRegen  0.15/turn              (no ring)
MPRegen  0.09/turn              (no ring)

@: no status effects
A: retaliatory headbutt, horns 2
a: no special abilities


You were on level 3 of the Dungeon.
You were not hungry.

You visited 1 branch of the dungeon, and saw 3 of its levels.

You collected 89 gold pieces.

Inventory:

Hand Weapons
 a - a +0 long sword
 i - a +0 short sword
 j - a +0 club
 k - a +0 dagger
 m - a +0 whip
 n - a +0 dagger
 o - a +0 dagger
 r - a +0 dagger
 z - a cursed -3 trident (weapon)
 A - a +0 club
 N - a +0 short sword
 O - a +0 mace
 R - a +0 dagger
 V - a +0 club
Missiles
 e - 114 stones (quivered)
 t - 29 arrows
 v - 8 curare-tipped needles
 w - 36 poisoned needles
Armour
 b - a +0 scale mail (worn)
 c - a +0 shield (worn)
 q - a +0 robe
 u - a +1 pair of boots
 y - a +0 robe
 L - a cursed +0 centaur barding
 M - a +0 robe
Jewellery
 Q - a cursed ring of stealth {unknown}
 U - a cursed -3 ring of intelligence {unknown}
Scrolls
 B - a scroll of amnesia {unknown}
 C - 3 scrolls of remove curse {unknown}
 E - 2 scrolls of teleportation
 H - 3 scrolls of enchant weapon {unknown}
 I - a scroll of identify
 J - a scroll of magic mapping {unknown}
 K - a scroll of fog {unknown}
 S - a scroll of enchant armour
 T - 3 scrolls of immolation {unknown}
Potions
 d - a potion of might
 f - 4 potions of curing
 g - a potion of heal wounds {unknown}
 p - a potion of cancellation {unknown}
 s - a potion of brilliance {unknown}
 x - a potion of invisibility {unknown}
 D - 4 potions of flight {unknown}
 F - a potion of ambrosia {unknown}
 G - a potion of haste {unknown}
Comestibles
 h - a meat ration
 l - 3 bread rations
 P - 3 fruits


   Skills:
 + Level 4.3 Fighting
 + Level 3.8 Long Blades
 + Level 4.3 Armour
 + Level 0.6 Dodging
 + Level 0.2 Stealth
 + Level 5.6 Shields


You had 4 spell levels left.
You didn't know any spells.

Dungeon Overview and Level Annotations

Branches:
Dungeon (3/15)

Altars:
Elyvilon
Okawaru

Annotations:
D:3 Sigmund


Innate Abilities, Weirdness & Mutations

You reflexively headbutt those who attack you in melee.
You have a pair of horns on your head.


Message History

Sigmund points at you and mumbles some strange words.
The puff of flame hits you!
A bat comes into view.
The bat moves out of view.
Sigmund casts a spell at you. The puff of flame hits you!
Sigmund hits you with a scythe!
You see here a scroll labeled PONLOF KIE.
You closely miss Sigmund. You closely miss Sigmund.
Sigmund hits you with a scythe!
You're too confused to move!
You feel less confused. Sigmund hits you with a scythe!
* * * LOW HITPOINT WARNING * * *
You closely miss Sigmund. Sigmund casts a spell at you.
The magic dart hits you!
* * * LOW HITPOINT WARNING * * *
You closely miss Sigmund. Sigmund hits you with a scythe!
You die...

##..... #.......
#....... #...[...
#.....# ##.....#########
#..............#######
#.......#...##@@b.....
###.......###..####.....
.###.....## ##.# ....
.####...## ... ...
...##.### #### ..
......# . ...#..####
...#...... ........>..


You could see Sigmund and a bat.

Vanquished Creatures
  Natasha (thrice) (D:2)
  5 adders
  2 oozes
  A dart slug (D:1)
  A leopard gecko (D:2)
  7 orcs (D:3)
  4 giant cockroaches
  10 goblins
  4 hobgoblins
  3 bats
  6 kobolds
  4 rats
  9 plants (D:3)
59 creatures vanquished.

Notes
Turn   | Place    | Note
-------+----------+-------------------------------------------
     0 | D:1      | kraze the Minotaur Fighter began the quest for the Orb.
     0 | D:1      | Reached XP level 1. HP: 19/19 MP: 0/0
   408 | D:1      | Reached skill level 4 in Shields
   408 | D:1      | Reached XP level 2. HP: 25/27 MP: 1/1
  1233 | D:2      | Noticed Natasha
  1238 | D:2      | Noticed a crimson imp
  1241 | D:2      | Killed Natasha
  1241 | D:2      | Reached XP level 3. HP: 20/33 MP: 2/2
  1259 | D:2      | Found a white marble altar of Elyvilon.
  1284 | D:2      | Noticed Natasha
  1291 | D:2      | Killed Natasha
  1291 | D:2      | Reached XP level 4. HP: 31/40 MP: 3/3
  1308 | D:2      | Noticed Natasha
  1315 | D:2      | Killed Natasha
  1692 | D:2      | Reached skill level 5 in Shields
  2302 | D:3      | Reached XP level 5. HP: 21/47 MP: 4/4
  2508 | D:3      | Found an iron altar of Okawaru.
  3123 | D:3      | Noticed Sigmund
  3135 | D:3      | Slain by Sigmund

Vault maps used:
D:1:      matt_arrival_los_fun
D:2:      elyvilon_altar_5, minivault_23, uniq_natasha
D:3:      cheibrodos_old_hovel, kennysheep_okawaru_gauntlet, uniq_sigmund

Skill      XL: |  1  2  3  4 |
---------------+-------------+-----
Shields        | 4 5 |  5.6
Fighting       | 4 |  4.3
Armour         | 4 |  4.3
Long Blades    | 3 |  3.8
Dodging        | |  0.6
Stealth        | |  0.2

Action                   |  1- 3 |  4- 6 || total
-------------------------+-------+-------++-------
Melee: Long sword        |    46 |    73 ||   119
       Headbutt          |     9 |    69 ||    78
       Trident           |       |   157 ||   157
  Use: Scroll            |     3 |       ||     3
  Eat: Bread ration      |     1 |       ||     1
       Meat ration       |       |     1 ||     1
Armor: Scale mail        |    20 |    36 ||    56
Dodge: Dodged            |    14 |    29 ||    43
Block: Shield            |    25 |    56 ||    81
       Rpst.: Long sword |     5 |     9 ||    14

Table legend:
 A = Spawn XP
 B = Non-spawn XP
 C = Spawn XP percentage of total XP
 D = Spawn monster count
 E = Non-spawn monster count
 F = Spawn count percentage of total count
 G = Total turns spent on level
                    A         B        C        D         E        F      G
               +---------+---------+-------+---------+---------+-------+---------
         Total |       0 |     265 |   0.0 |       0 |      50 |   0.0 |  3135
               +---------+---------+-------+---------+---------+-------+---------
           D:1 |       0 |      28 |   0.0 |       0 |      13 |   0.0 |  1204
           D:2 |       0 |     154 |   0.0 |       0 |      16 |   0.0 |  1080
           D:3 |       0 |      83 |   0.0 |       0 |      21 |   0.0 |   851
               +---------+---------+-------+---------+---------+-------+---------
